 Dungeon Crawl Stone Soup version 0.30.0-29-ga12c61a403 (webtiles) character file.

Game seed: 15497334270996937624

7 ChrisAssaf the Conjurer (level 1, -1/13 HPs)
             Began as a Demonspawn Conjurer on June 25, 2023.
             Slain by a gnoll
             ... wielding a +0 club
              (3 damage)
             ... on level 1 of the Dungeon.
             The game lasted 00:00:55 (182 turns).

ChrisAssaf the Conjurer (Demonspawn Conjurer)        Turns: 182, Time: 00:00:55

Health: -1/13      AC:  2    Str:  6 (7)  XL:     1   Next: 83%
Magic:  1/3        EV: 12    Int: 16 (19) God:
Gold:   39         SH:  0    Dex: 10 (11) Spells: 3/4 levels left

rFire   . . .        (no weapon)
rCold   . . .        (no shield)
rNeg    . . .        a - +0 robe
rPois   .            (no helmet)
rElec   .            (no cloak)
rCorr   .            (no gloves)
SInv    .            (no boots)
Will    .....        (no amulet)
Stlth   ++           (no ring)
HPRegen 0.22/turn    (no ring)
MPRegen 0.08/turn

%: no passive effects
@: no status effects
A: no striking features
a: no special abilities


You were on level 1 of the Dungeon.
You visited 1 branch of the dungeon, and saw 1 of its levels.

You collected 39 gold pieces.

Inventory:

Armour
 a - a +0 robe (worn)
Jewellery
 c - a ring of flight
Scrolls
 d - a scroll of identify {unknown}


   Skills:
 * Level 0.1 Fighting
 * Level 0.5 Armour
 * Level 1.8 Dodging
 * Level 1.8 Stealth
 * Level 2.0 Spellcasting
 * Level 4.2 Conjurations


You had 3 spell levels left.
You knew the following spells:

 Your Spells              Type           Power      Damage    Failure   Level
a - Magic Dart            Conj           60%        1d6       3%          1

Your spell library contained the following spells:

 Spells                   Type           Power      Damage    Failure   Level
 Searing Ray              Conj           30%        2d5       5%          2
 Dazzling Flash           Conj/Hex       16%        N/A       26%         3
 Fulminant Prism          Conj/Hex       4%         3d5       65%         4
 Iskenderun's Mystic Bla  Conj/Tloc      8%         2d4       65%         4


Dungeon Overview and Level Annotations

Branches:
Dungeon (1/15)

Altars:

Shops:
D:1 :


Message History

A rat is nearby!
Aiming: Magic Dart (safe; 3% risk of failure)
Press: ? - help, Q - select action Shift-Dir - straight line, f - rat
Aim: a rat (100% to hit)
The magic dart hits the rat.
You kill the rat!
Unknown command.
You start resting.
A gnoll comes into view. It is wielding a +0 club.
The gnoll shouts!
Aiming: Magic Dart (safe; 3% risk of failure)
Press: ? - help, Q - select action Shift-Dir - straight line, f - gnoll
Aim: a gnoll, wielding a +0 club (100% to hit)
The magic dart hits the gnoll.
The gnoll is lightly wounded.
Aiming: Magic Dart (safe; 3% risk of failure)
Press: ? - help, Q - select action Shift-Dir - straight line, f/p - gnoll
Aim: a gnoll, wielding a +0 club (lightly wounded, 100% to hit)
The magic dart hits the gnoll.
The gnoll is moderately wounded.
Unknown command.
It was a potion of degeneration.
There was something very wrong with that liquid.
You feel weakened.
You feel dopey.
You feel clumsy.
A bat comes into view.
A kobold and an endoplasm come into view.
Found a mace.
The kobold shouts!
You hear an angry hiss.
A ball python comes into view.
The bat barely misses you.
You barely miss the bat. The bat hits you. x2
The gnoll hits you with a +0 club.
The ball python hisses angrily.
The bat barely misses you.
The kobold hits you with a +0 short sword.
The kobold attacks as you move away!
The kobold hits you with a +0 short sword.
* * * LOW HITPOINT WARNING * * *
The gnoll attacks as you move away! The gnoll hits you with a +0 club.
You die...

..#####..#...........#...
#.#.............##.#
#..................# .
###..............#.# ..
#.......∩......#.###..
###........†..........
#..###......####....
#....#.........†....
#..#.b@g#......#....#..
#...K...####.....#.#
##...S....#...####.r.
#....###.#.#.# #.#
#..J... ...... .. #....#.
#####.## . #.... . ..#
#).... ## #.# .....# #.#


You could see a gnoll, an endoplasm (wandering), a bat, a ball python and a
kobold.

Vanquished Creatures
  2 hobgoblins (D:1)
  2 quokkas (D:1)
  A bat (D:1)
  A rat (D:1)
6 creatures vanquished.

Notes
Turn   | Place    | Note
-------+----------+-------------------------------------------
     0 | D:1      | ChrisAssaf the Demonspawn Conjurer began the quest for the
                  | Orb.
     0 | D:1      | Reached XP level 1. HP: 13/13 MP: 3/3
    95 | D:1      | Found Turuczu's Book Boutique.
   182 | D:1      | Slain by a gnoll

Illustrated notes

Levels and vault maps discovered:
D:1:      beargit_arrival_greenhouse, layout_rooms, serial_shops, shop,
          hex_intersection

Action                     || total
---------------------------++-------
  Melee: Unarmed           ||     1
   Cast: Magic Dart        ||    14
    Use: Potion            ||     2
 Armour: Robe              ||     4
  Dodge: Dodged            ||    11
